 Dungeon Crawl Stone Soup version 0.15.1-1-gfacfea3 (webtiles) character file.

55056 Johnny the Frost Mage (level 14, -1/115 HPs)
             Began as a Demigod Ice Elementalist on Sept 30, 2014.
             Slain by a vault guard
             ... wielding a +0 great mace
              (21 damage)
             ... on Level 13 of the Dungeon.
             The game lasted 03:22:12 (42001 turns).

Johnny the Frost Mage (Demigod Ice Elementalist)   Turns: 42001, Time: 03:22:13

HP  -1/115       AC 16     Str 12      XL: 14   Next:  4%
MP   4/32        EV 19     Int 27      God:
Gold 1896        SH  0     Dex 23      Spells:  6 memorised,  4 levels left

rFire  . . .     SeeInvis .     E - +0 flail (protect)
rCold  . . .     Rnd*Rage +     g - +3 leather armour {rPois}
rNeg   . . .     rCorr    .     (no shield)
rPois  +         rRot     .     y - +2 helmet
rElec  .         Spirit   .     (no cloak)
SustAb .         Warding  .     (no gloves)
rMut   .         Stasis   .     p - +0 pair of boots
Gourm  .                        (no amulet)
MR     +....                    h - +5 ring of dexterity
                                G - ring of wizardry

@: very slightly contaminated, slowed, very slow, somewhat resistant to hostile
enchantments, stealthy
A: berserk 1, slow healing 1, placid magic 1
a: no special abilities


You were on level 13 of the Dungeon.
You were hungry.

You visited 3 branches of the dungeon, and saw 25 of its levels.

You collected 2777 gold pieces.
You spent 881 gold pieces at shops.

Inventory:

Hand weapons
 C - a +2 war axe of flaming
 E - a +0 flail of protection (weapon)
Armour
 g - a +3 leather armour of poison resistance (worn)
 i - a +0 cloak of darkness
 p - a +0 pair of boots (worn)
 y - a +2 helmet (worn)
Magical devices
 n - a wand of teleportation (2)
 t - a wand of enslavement (20)
 w - a wand of draining (5)
 F - a wand of digging (9)
 Q - a wand of heal wounds (0)
Comestibles
 c - 13 bread rations
 W - 7 meat rations
 X - a slice of pizza
Scrolls
 e - 2 scrolls of teleportation
 o - 5 scrolls of enchant weapon
 q - 9 scrolls of remove curse
 r - a scroll of magic mapping
 z - 2 scrolls of fear
 I - 2 scrolls of recharging
 S - 2 scrolls of enchant armour
 T - a scroll of blinking
 Y - a scroll of vulnerability {unknown}
 Z - 2 scrolls of summoning
Jewellery
 d - an uncursed ring of protection from cold
 h - a +5 ring of dexterity (right hand)
 G - a ring of wizardry (left hand)
Potions
 a - a potion of heal wounds
 j - 3 potions of berserk rage
 k - 3 potions of magic
 l - 2 potions of restore abilities
 m - 2 potions of cancellation
 u - a potion of haste
 v - 3 potions of curing
 x - a potion of resistance {unknown}
 A - 2 potions of agility
 H - 2 potions of flight
 J - 2 potions of experience {unknown}
 L - 4 potions of brilliance {unknown}
 M - 5 potions of confusion {unknown}
 O - a potion of might
Books
 s - a book of Death

   Spells                             Type                      Level
   Corpse Rot                         Necromancy                   2
   Sublimation of Blood               Necromancy                   2
   Agony                              Necromancy                   5
   Dispel Undead                      Necromancy                   5
   Excruciating Wounds                Charms/Necromancy            5
   Bolt of Draining                   Conjuration/Necromancy       5
Miscellaneous
 b - a box of beasts {used: 5}
 B - a sack of spiders {used: 2}


   Skills:
 * Level 8.0 Fighting
 + Level 5.6 Armour
 * Level 8.2 Dodging
 + Level 6.3 Stealth
 * Level 7.6 Spellcasting
 * Level 6.9 Conjurations
 * Level 6.9 Charms
 + Level 7.7 Summonings
 * Level 8.5 Ice Magic
 * Level 6.1 Air Magic
 + Level 7.5 Evocations


You had 4 spell levels left.
You knew the following spells:

 Your Spells              Type           Power        Failure   Level  Hunger
a - Freezing Cloud        Conj/Ice/Air   ####......   12%         6    ######.
b - Summon Ice Beast      Ice/Summ       #####...     1%          4    ##.....
c - Ozocubu's Armour      Chrm/Ice       ####....     1%          3    None
d - Throw Icicle          Conj/Ice       ####....     1%          4    ##.....
e - Haste                 Chrm           ####....     19%         6    ######.
f - Apportation           Tloc           #.........   1%          1    None


Dungeon Overview and Level Annotations

Branches:
Dungeon (13/15)            Temple (0/1) D:4             Orc (4/4) D:10
    Elf (0/3) Orc:4          Lair (8/8) D:9           Swamp (0/5) Lair:5
  Snake (0/5) Lair:3        Slime (0/6) Lair:7       Vaults (0/5) D:13

Shops:
Orc:4 *[=(

Annotations:
D:12 Fannar
Lair:1 exclusion: 2 oklob plants
Lair:8 Turgon's ghost, powerful DsHu


Innate Abilities, Weirdness & Mutations

You tend to lose your temper in combat.
You heal slowly when monsters are visible.
Your spells are a little easier to cast, but a little less powerful.


Message History

Unknown command.
Your icy armour evaporates.
The vault guard is engulfed in freezing vapours.
You kill the vault guard!
The vault guard hits you with a war axe.
The vault guard is engulfed in freezing vapours.
The vault guard misses you.
The orc wizard is no longer moving quickly.
The orc wizard casts a spell.
The orc wizard seems to speed up.
The vault guard misses you.
The vault guard hits you with a great mace!!
* * * LOW HITPOINT WARNING * * *
The orc wizard casts a spell.
The orc wizard blinks!
The vault guard hits you with a war axe.
* * * LOW HITPOINT WARNING * * *
Drink which item? (? for menu, Esc to quit)
You feel better.
The vault guard hits you with a great mace!!
You die...

..##......§§##........# #...##..
..##........##........# #...##(.
............##........# #...##..
............##........# #...##..
..[.........##.§o.....# #...##..
........)...##........# #...##..
..........(.##........# #...##.#
............##.pp.....####...##.#
................@............##.#
................................#
................................#
............)#...>..........##..#
.............#..............##..#
...........(.#..............##..#
.............#.....<........##...
.....(.......#..............##..)
.............#..............##...


You could see 2 vault guards and an orc wizard.

Vanquished Creatures
  2 vault guards (D:13)
  2 hydras
  A centaur warrior (D:13)
  An ice dragon (Lair:8)
  4 orc high priests (Orc:4)
  The ghost of BoredOne the Transmogrifier, an experienced DrTm of Ashenzari (D:9)
  An orc knight (Orc:4)
  2 lindwurms (Lair:8)
  4 orc sorcerers (Orc:4)
  3 elephants (Lair:8)
  2 oklob plants (Lair:1)
  3 cyclopes
  Joseph (D:11)
  A gargoyle (D:12)
  2 spiny frogs
  A feature mimic (D:13)
  An efreet (D:13)
  3 komodo dragons
  5 fire drakes (Lair:8)
  A red devil (Orc:4)
  2 two-headed ogres
  2 giant leeches (Lair:8)
  2 trolls
  Sonja (D:12)
  3 blink frogs
  A wraith (D:13)
  A trapdoor spider (D:13)
  A wyvern (D:13)
  A hungry ghost (Orc:1)
  21 yaks
  6 wolves
  3 hippogriffs
  9 water moccasins
  A swamp drake (D:10)
  A naga (Lair:3)
  3 ice beasts
  A tengu skeleton (D:13)
  2 porcupines
  14 orc warriors
  6 ogres
  6 centaurs
  2 sky beasts
  11 crocodiles
  A cyclops zombie (D:10)
  A big kobold (D:11)
  A brain worm (Lair:8)
  A wyvern zombie (D:9)
  14 giant frogs
  5 scorpions
  A yak zombie (D:9)
  4 wights (D:9)
  5 jellies (D:10)
  5 killer bees
  A hippogriff skeleton (D:10)
  4 electric eels
  A centaur zombie (D:5)
  A goliath beetle (D:9)
  A quasit (D:9)
  8 hounds
  22 orc priests
  A black bear skeleton (D:7)
  16 orc wizards
  5 iguanas
  3 sheep
  6 worker ants
  Ijyb (D:4)
  A big kobold skeleton (D:5)
  2 worker ant zombies
  9 gnolls
  23 adders
  18 green rats
  A scorpion zombie (D:9)
  A white imp (D:9)
  6 worms
  An adder skeleton (D:9)
  2 orc skeletons
  3 giant geckos
  3 oozes
  67 orcs
  10 giant cockroaches
  19 goblins
  18 hobgoblins
  10 jackals
  20 kobolds
  10 quokkas
  12 bats
  5 giant newts
  A kobold skeleton (D:4)
  2 orc zombies
  11 rats
  A rat zombie (D:10)
  7 ballistomycetes (D:8)
  8 fungi (D:9)
  4 plants (Lair:8)
524 creatures vanquished.

Vanquished Creatures (collateral kills)
  An orc warlord (Orc:4)
  Snorg (Lair:5)
  7 hydras
  A centaur warrior (D:10)
  3 death yaks
  6 hill giants
  3 orc knights
  An orc sorcerer (Orc:3)
  The ghost of hackum the Gusty, an experienced HEAE of Vehumet (D:7)
  2 griffons (Lair:8)
  A centaur zombie (D:10)
  4 elephants
  7 black mambas
  4 spiny frogs
  An item mimic (Orc:4)
  A feature mimic (Lair:5)
  A centaur skeleton (D:10)
  4 komodo dragons
  5 fire drakes
  3 trolls
  2 polar bears
  A boulder beetle (Orc:3)
  12 blink frogs
  A wandering mushroom (Lair:6)
  A basilisk (Lair:5)
  A trapdoor spider (D:9)
  A wyvern (Lair:3)
  A deep elf mage (D:10)
  Eustachio (D:4)
  A hill giant zombie (D:11)
  15 yaks
  Grum (Orc:2)
  6 hippogriffs
  3 nagas (Lair:3)
  10 wolves
  12 water moccasins
  2 wargs (Orc:4)
  2 porcupines
  23 orc warriors
  An ice beast (D:7)
  5 centaurs
  A yellow wasp (D:12)
  3 ogres
  2 big kobolds
  3 crocodiles
  A boring beetle (Lair:8)
  3 brain worms
  5 giant frogs
  An eye of draining (D:11)
  11 jellies (D:10)
  An electric eel (Lair:8)
  16 killer bees
  A wight (D:9)
  A troll skeleton (D:11)
  6 crimson imps
  A goliath beetle (D:8)
  11 orc priests
  A giant frog skeleton (D:9)
  2 hounds
  An iron imp (D:9)
  A two-headed ogre skeleton (D:10)
  An elf skeleton (D:12)
  4 worker ants
  21 orc wizards
  2 orange rats (Lair:8)
  3 iguanas
  13 sheep
  A crocodile skeleton (D:10)
  An ogre zombie (D:7)
  3 gnolls (D:9)
  55 green rats
  An inept item mimic (D:5)
  7 adders
  3 shadow imps
  A steam dragon skeleton (D:9)
  15 worms
  3 oozes (D:1)
  129 orcs
  2 bats
  A giant cockroach (D:1)
  7 goblins
  5 hobgoblins
  11 kobolds
  5 quokkas
  A giant gecko (D:7)
  A hobgoblin skeleton (D:4)
  2 kobold skeletons
  2 rats (D:10)
  5 fungi
536 creatures vanquished.

Vanquished Creatures (others)
  An unseen horror (D:13)
  A ball lightning (Lair:8)
  A steam dragon (Lair:2)
  203 ice beasts
  An orc wizard (Orc:4)
  2 chimeras (Orc:4)
  An orange rat (Lair:8)
  2 giant spores
  A butterfly (Lair:5)
  11 fungi
  3 plants (Lair:8)
227 creatures vanquished.

Grand Total: 1287 creatures vanquished

Notes
Turn   | Place    | Note
--------------------------------------------------------------
     0 | D:1      | Johnny, the Demigod Ice Elementalist, began the quest for the Orb.
     0 | D:1      | Reached XP level 1. HP: 14/14 MP: 3/3
   568 | D:1      | Reached XP level 2. HP: 22/22 MP: 2/4
  1058 | D:1      | Reached skill level 3 in Ice Magic
  1087 | D:2      | Reached XP level 3. HP: 18/27 MP: 0/8
  1466 | D:2      | Reached XP level 4. HP: 31/34 MP: 8/11
  1476 | D:2      | Learned a level 4 spell: Summon Ice Beast
  1481 | D:2      | Reached skill level 1 in Armour
  2284 | D:3      | Reached skill level 1 in Fighting
  2575 | D:1      | Reached XP level 5. HP: 27/40 MP: 8/12
  2664 | D:4      | Found a staircase to the Ecumenical Temple.
  2968 | D:4      | Noticed an ogre
  2980 | D:4      | Killed an ogre
  2980 | D:4      | Reached skill level 1 in Summonings
  3128 | D:4      | Reached XP level 6. HP: 24/48 MP: 3/16
  3425 | D:4      | Noticed Ijyb
  3438 | D:4      | Killed Ijyb
  3476 | D:4      | Noticed Eustachio
  3487 | D:4      | Killed Eustachio
  3487 | D:4      | Reached skill level 4 in Ice Magic
  3530 | D:4      | Noticed an ogre
  3538 | D:4      | Killed an ogre
  3738 | D:4      | Reached XP level 7. HP: 56/56 MP: 19/19
  4355 | D:5      | Entered Level 5 of the Dungeon
  4995 | D:5      | Learned a level 3 spell: Ozocubu's Armour
  5000 | D:5      | Learned a level 4 spell: Throw Icicle
  5033 | D:5      | Reached skill level 1 in Conjurations
  5684 | D:6      | Found a stormy altar of Qazlal.
  5691 | D:6      | Reached skill level 1 in Evocations
  6405 | D:6      | Reached XP level 8. HP: 63/63 MP: 20/20
  6730 | D:7      | Noticed hackum's ghost (experienced HEAE)
  6739 | D:7      | HP: 3/63 [hackum's ghost/bolt of lightning (29)]
  6945 | D:7      | Killed hackum's ghost
  6945 | D:7      | Reached skill level 1 in Charms
  7029 | D:7      | Noticed a troll
  7038 | D:7      | Killed a troll
  7333 | D:7      | Reached skill level 5 in Ice Magic
  7678 | D:8      | Reached XP level 9. HP: 58/71 MP: 4/23
  8261 | D:8      | Identified a scroll of acquirement
  8453 | D:9      | Noticed BoredOne's ghost (experienced DrTm)
  8456 | D:10     | Entered Level 10 of the Dungeon
  8456 | D:10     | Noticed a hill giant
  8793 | D:9      | Gained mutation: You heal slowly when monsters are visible. [mutagenic glow]
  8821 | D:8      | Gained mutation: You tend to lose your temper in combat. [mutagenic glow]
  9079 | D:9      | Killed BoredOne's ghost
  9223 | D:9      | Reached skill level 5 in Dodging
  9233 | D:9      | Found a shadowy altar of Dithmenos.
  9292 | D:9      | Found a staircase to the Lair.
  9297 | D:9      | Noticed a hill giant
  9309 | D:9      | Killed a hill giant
  9451 | D:9      | Found a sparkling altar of Nemelex Xobeh.
  9473 | D:9      | Found a white marble altar of Elyvilon.
  9475 | D:9      | Found a radiant altar of Vehumet.
  9478 | D:9      | Found a shimmering altar of Xom.
 10277 | Lair:1   | Entered Level 1 of the Lair of Beasts
 10354 | Lair:1   | Noticed a black mamba
 10367 | Lair:1   | Killed a black mamba
 10367 | Lair:1   | Reached XP level 10. HP: 53/80 MP: 14/25
 10395 | Lair:1   | Learned a level 6 spell: Haste
 10618 | Lair:1   | Reached skill level 5 in Spellcasting
 10789 | Lair:1   | Reached skill level 5 in Summonings
 11300 | Lair:1   | Noticed an oklob plant
 11300 | Lair:1   | Noticed an oklob plant
 11300 | Lair:1   | Noticed an oklob plant
 11300 | Lair:1   | Noticed an oklob plant
 11889 | Lair:1   | Killed an oklob plant
 12035 | Lair:1   | Killed an oklob plant
 12035 | Lair:1   | Reached skill level 6 in Ice Magic
 12038 | Lair:1   | Gained mutation: Your spells are a little easier to cast, but a little less powerful. [mutagenic glow]
 12415 | Lair:2   | Reached skill level 5 in Fighting
 12861 | Lair:2   | Noticed an eight-headed hydra
 12885 | Lair:2   | Killed an eight-headed hydra
 13606 | Lair:2   | Learned a level 3 spell: Flight
 13786 | Lair:3   | Reached skill level 5 in Evocations
 13821 | Lair:3   | Reached XP level 11. HP: 47/88 MP: 8/27
 14047 | Lair:3   | Noticed an eight-headed hydra
 14072 | Lair:3   | Killed an eight-headed hydra
 14289 | Lair:3   | Reached skill level 1 in Air Magic
 14419 | Lair:3   | Found a staircase to the Snake Pit.
 15783 | Lair:4   | Reached skill level 5 in Stealth
 17481 | Lair:5   | Found a staircase to the Swamp.
 17616 | Lair:5   | Noticed Snorg
 17628 | Lair:5   | Killed Snorg
 17807 | Lair:5   | Noticed an eight-headed hydra
 18874 | Lair:5   | Noticed a five-headed hydra
 18883 | Lair:5   | Killed a five-headed hydra
 18892 | Lair:5   | Noticed a seven-headed hydra
 18902 | Lair:5   | Killed a seven-headed hydra
 18902 | Lair:5   | Reached skill level 5 in Charms
 19352 | Lair:5   | Killed an eight-headed hydra
 19839 | Lair:6   | Reached skill level 5 in Conjurations
 20225 | Lair:5   | Learned a level 1 spell: Apportation
 20551 | Lair:6   | Reached XP level 12. HP: 75/96 MP: 19/29
 20983 | Lair:7   | Found a viscous altar of Jiyva.
 20983 | Lair:7   | Found a staircase to the Slime Pits.
 21494 | Lair:8   | Entered Level 8 of the Lair of Beasts
 21547 | Lair:8   | Reached skill level 7 in Ice Magic
 21930 | Lair:8   | Noticed a seven-headed hydra
 22581 | Lair:8   | Noticed Turgon's ghost (powerful DsHu)
 22729 | Lair:8   | Noticed a four-headed hydra
 23110 | Lair:7   | Killed a four-headed hydra
 23501 | Lair:7   | Noticed a seven-headed hydra
 23523 | Lair:7   | Killed a seven-headed hydra
 23934 | D:10     | Killed a hill giant
 23983 | D:10     | Noticed a hill giant
 24712 | D:10     | Noticed an eight-headed hydra
 24725 | D:10     | Killed an eight-headed hydra
 24934 | D:10     | Killed a hill giant
 25250 | D:10     | Noticed a hill giant
 25265 | D:10     | Killed a hill giant
 25617 | D:10     | Reached skill level 5 in Armour
 25619 | D:10     | Found a staircase to the Orcish Mines.
 26671 | Orc:1    | Entered Level 1 of the Orcish Mines
 27145 | Orc:2    | Noticed Grum
 27220 | Orc:2    | Killed Grum
 28503 | Orc:3    | Found a shimmering altar of Xom.
 28896 | Orc:4    | Entered Level 4 of the Orcish Mines
 30200 | Orc:4    | Found a staircase to the Elven Halls.
 30302 | Orc:4    | Found a roughly hewn altar of Beogh.
 31255 | Lair:5   | Learned a level 6 spell: Freezing Cloud
 31443 | Lair:8   | Reached XP level 13. HP: 74/105 MP: 2/30
 31666 | Lair:8   | Killed a seven-headed hydra
 33101 | Lair:8   | Noticed an ice dragon
 33121 | Lair:8   | Killed an ice dragon
 33949 | Orc:4    | Noticed an orc warlord
 34201 | Orc:4    | Killed an orc warlord
 34530 | Orc:4    | Reached skill level 5 in Air Magic
 34851 | Orc:4    | Reached skill level 8 in Ice Magic
 36077 | Orc:4    | Found Klusau's General Store.
 36078 | Orc:4    | Found Safog's Jewellery Shop.
 36079 | Orc:4    | Found Orrajozur's Antique Armour Shop.
 36079 | Orc:4    | Found Amihatas' Antique Weapon Boutique.
 36093 | Orc:4    | Bought a scroll of identify for 28 gold pieces
 36101 | Orc:4    | Paralysed by an orc sorcerer for 7 turns
 36235 | Orc:4    | Bought a dull robe for 176 gold pieces
 36247 | Orc:4    | Identified the +2 robe of Lesser Demons {Str-3 Dex-4} (You bought it in a shop on level 4 of the Orcish Mines)
 36268 | Orc:4    | Bought a bread ration for 70 gold pieces
 36268 | Orc:4    | Bought a scroll of enchant armour for 105 gold pieces
 36268 | Orc:4    | Bought a scroll of remove curse for 42 gold pieces
 37521 | D:11     | Found a burning altar of Makhleb.
 37785 | D:11     | Noticed Joseph
 37794 | D:11     | Killed Joseph
 39314 | D:12     | Noticed Fannar
 39910 | D:12     | Found Luiv's Food Shop.
 39972 | D:12     | Bought a bread ration for 50 gold pieces
 39972 | D:12     | Bought a meat ration for 50 gold pieces
 39972 | D:12     | Bought a meat ration for 50 gold pieces
 39972 | D:12     | Bought a meat ration for 50 gold pieces
 39972 | D:12     | Bought a fruit for 15 gold pieces
 39972 | D:12     | Bought a bread ration for 50 gold pieces
 39972 | D:12     | Bought a meat ration for 50 gold pieces
 39972 | D:12     | Bought a beef jerky for 15 gold pieces
 39972 | D:12     | Bought a bread ration for 50 gold pieces
 39972 | D:12     | Bought a slice of pizza for 15 gold pieces
 39972 | D:12     | Bought a slice of pizza for 15 gold pieces
 39972 | D:12     | Bought a meat ration for 50 gold pieces
 40065 | D:12     | Noticed Sonja
 40069 | D:12     | Killed Sonja
 41440 | D:13     | Got a dazzling chain mail
 41458 | D:13     | Identified the cursed -5 chain mail "Muiraury" {rF+ rC+} (You found it on level 13 of the Dungeon)
 41957 | D:13     | Found a gate to the Vaults.
 41989 | D:13     | Reached XP level 14. HP: 55/115 MP: 0/32
 42001 | D:13     | Slain by a vault guard

Action                   |  1- 3 |  4- 6 |  7- 9 | 10-12 | 13-15 || total
-------------------------+-------+-------+-------+-------+-------++-------
Melee: Club              |    10 |       |       |       |       ||    10
       Unarmed           |     1 |       |       |       |       ||     1
       Spear             |    39 |   146 |       |    11 |       ||   196
       Dagger            |       |    45 |   671 |   404 |       ||  1120
       Flail             |       |       |    16 |   681 |   433 ||  1130
 Cast: Freeze            |    53 |    48 |       |       |       ||   101
       Summon Ice Beast  |       |     8 |    49 |   447 |   143 ||   647
       Throw Icicle      |       |       |    13 |   165 |   116 ||   294
       Ozocubu's Armour  |       |       |    11 |    82 |    21 ||   114
       Flight            |       |       |       |     3 |       ||     3
       Apportation       |       |       |       |     1 |       ||     1
       Freezing Cloud    |       |       |       |     2 |    50 ||    52
       Haste             |       |       |       |       |     1 ||     1
 Abil: Evoke Invisibilit |       |       |     4 |     7 |     2 ||    13
Evoke: Wand              |       |       |     5 |    77 |    22 ||   104
       Box of beasts     |       |       |       |     2 |     3 ||     5
       Sack of spiders   |       |       |       |     2 |     3 ||     5
  Use: Scroll            |       |       |    21 |    18 |    10 ||    49
       Potion            |       |       |     9 |     5 |     4 ||    18
 Stab: Sleeping          |     3 |     4 |     6 |    10 |     2 ||    25
       Distracted        |       |     3 |     2 |    28 |     9 ||    42
       Invisible         |       |       |     9 |     5 |       ||    14
       Paralysed         |       |       |       |    15 |     3 ||    18
       Confused          |       |       |       |       |     2 ||     2
  Eat: Chunk             |     2 |    10 |    20 |   124 |    63 ||   219
       Fruit             |       |       |     4 |    22 |     3 ||    29
       Beef jerky        |       |       |     1 |     1 |     3 ||     5
       Bread ration      |       |       |     1 |     1 |     1 ||     3
       Royal jelly       |       |       |     1 |     1 |       ||     2
       Meat ration       |       |       |     1 |       |       ||     1
       Pizza             |       |       |       |       |     5 ||     5
